 Dungeon Crawl Stone Soup version 0.31.0-12-g77e489cdc1 (webtiles) character file.

Game seed: 8043008314152750262

1991 monsoonserge the Ruffian (level 9, -3/68 HPs)
             Began as a Gnoll Shapeshifter on Feb 28, 2024.
             Was an Initiate of Cheibriados.
             Slain by a killer bee (7 damage)
             ... on level 8 of the Dungeon.
             The game lasted 00:14:30 (5400 turns).

monsoonserge the Ruffian (Gnoll Shapeshifter)       Turns: 5400, Time: 00:14:30

Health: -3/68      AC:  7    Str: 20    XL:     9   Next: 21%
Magic:  15/15      EV: 13    Int: 10    God:    Cheibriados [......]
Gold:   165        SH:  5    Dex: 12    Spells: 16/16 levels left

rFire   . . .        p - +3 falchion (elec)
rCold   + . .        j - orb {light}
rNeg    . . .        E - +2 ring mail {rC+}
rPois   .            (helmet currently unavailable)
rElec   .            (cloak currently unavailable)
rCorr   .            (gloves currently unavailable)
SInv    .            (boots currently unavailable)
Will    .....        q - amulet of reflection
Stlth   +            (no ring)
HPRegen 0.31/turn    (no ring)
MPRegen 0.14/turn

%: reflection
@: beast-form, attractive, hasted, glowing, quick
A: beast (slay +4), fangs 1, strong nose, distributed training
a: Begin Untransformation, Renounce Religion


You were on level 8 of the Dungeon.
You worshipped Cheibriados.
Cheibriados was noncommittal.
You were a hulking beast.
You visited 2 branches of the dungeon, and saw 9 of its levels.
You also visited: Ossuary.

You collected 361 gold pieces.
You spent 196 gold pieces at shops.

Inventory:

Hand Weapons
 a - a +2 trident of venom
 p - a +3 falchion of electrocution (weapon)
Missiles
 l - 5 atropa-tipped darts
 A - 5 poisoned darts (quivered)
Armour
 j - an orb of light (worn)
 E - a +2 ring mail of cold resistance (worn)
 F - a +1 hat
Magical Staves
 v - a staff of cold
Jewellery
 q - an amulet of reflection (around neck)
Talismans
 c - a beast talisman
 d - a flux talisman
Wands
 g - a wand of paralysis (5)
Scrolls
 b - a scroll of fear {unknown}
 i - 3 scrolls of immolation {unknown}
 o - 8 scrolls of identify {unknown}
 t - a scroll of enchant weapon {unknown}
 u - a scroll of revelation {unknown}
 w - 2 scrolls of vulnerability {unknown}
 y - 2 scrolls of amnesia {unknown}
 z - a scroll of silence {unknown}
 B - a scroll of blinking
 C - a scroll of teleportation
 D - a scroll of noise {unknown}
 H - a scroll of brand weapon {unknown}
 I - a scroll of fog {unknown}
Potions
 e - a potion of invisibility {unknown}
 f - a potion of magic {unknown}
 h - 2 potions of heal wounds
 k - a potion of haste
 m - 2 potions of attraction
 n - a potion of curing
 r - 2 potions of brilliance {unknown}
 s - a potion of might {unknown}
 x - a potion of degeneration {unknown}
 G - a potion of resistance


   Skills:
 + Level 5.0 Fighting
 + Level 4.1 Short Blades
 + Level 4.1 Long Blades
 + Level 4.1 Axes
 + Level 4.1 Maces & Flails
 + Level 4.1 Polearms
 + Level 4.1 Staves
 + Level 4.1 Ranged Weapons
 + Level 4.1 Throwing
 + Level 4.1 Armour
 + Level 6.2 Dodging
 + Level 4.1 Stealth
 + Level 4.1 Shields
 + Level 7.8 Unarmed Combat
 + Level 4.1 Spellcasting
 + Level 3.4 Conjurations
 + Level 3.4 Hexes
 + Level 3.4 Summonings
 + Level 3.4 Necromancy
 + Level 3.4 Translocations
 + Level 3.4 Fire Magic
 + Level 3.4 Ice Magic
 + Level 3.4 Air Magic
 + Level 3.4 Earth Magic
 + Level 3.4 Alchemy
 + Level 4.6 Invocations
 + Level 4.1 Evocations
 + Level 7.6 Shapeshifting


You had 16 spell levels left.
You didn't know any spells.
Your spell library contained the following spells:

 Spells                   Type           Power      Damage    Failure   Level
 Freeze                   Ice            32%        1d5       10%         1
 Magic Dart               Conj           32%        1d4       10%         1
 Shock                    Conj/Air       32%        1d5       10%         1
 Searing Ray              Conj           16%        2d5       16%         2
 Frozen Ramparts          Ice            16%        1d3       30%         3
 Hailstorm                Conj/Ice       8%         3d5       30%         3
 Swiftness                Air            8%         N/A       30%         3
 Airstrike                Air            4%         2d(1-17)  69%         4
 Cause Fear               Hex            4%         N/A       69%         4
 Fulminant Prism          Conj/Alch      4%         3d5       69%         4
 Fireball                 Conj/Fire      4%         3d4       95%         5
 Dragon's Call            Summ           4%         N/A       100%        9


Dungeon Overview and Level Annotations

Branches:
Dungeon (8/15)             Temple (1/1) D:6         Ossuary (visited)
   Lair: D:8-11

Altars:
Ashenzari
Cheibriados
Hepliaklqana
Kikubaaqudgha
Makhleb
Okawaru
Qazlal
Ru
Sif Muna
Trog
Vehumet
Wu Jian
Xom
Yredelemnul
Zin
The Shining One

Shops:
D:4 (*?   D:6 (


Innate Abilities, Weirdness & Mutations

You are a hulking beast.
Your limbs bulge with bestial killing power. (Slay +4)
You have very sharp teeth.
Your uncanny sense of smell can sniff out nearby items.
Your experience applies equally to all skills.


Message History

* * * LOW HITPOINT WARNING * * *
The killer bee closely misses you. x2
It was a potion of haste.
You feel yourself speed up.
Cheibriados forgives your accidental hurry, just this once.
* * * LOW HITPOINT WARNING * * *
You feel very sick. The killer bee barely misses you.
The killer bee misses you. The killer bee closely misses you.
The killer bee stings you but does no damage.
It was a potion of curing.
You feel better. The killer bee completely misses you.
The killer bee misses you.
You slash the killer bee! You bite the killer bee.
The killer bee is severely wounded.
The killer bee stings you but does no damage.
The killer bee stings you.
* * * LOW HITPOINT WARNING * * *
The killer bee closely misses you. x2
You hit the killer bee.
Lightning courses through the killer bee!
You kill the killer bee!
Cheibriados thoroughly appreciates the change of pace.
The killer bee misses you.
Your Fighting skill increases to level 5!
You hit the killer bee.
The killer bee is moderately wounded.
The killer bee stings you.
* * * LOW HITPOINT WARNING * * *
You barely miss the killer bee.
The killer bee is moderately wounded.
The killer bee completely misses you. The killer bee misses you.
You slash the killer bee!
Lightning courses through the killer bee!!
You kill the killer bee!
Cheibriados thoroughly appreciates the change of pace.
You hit the killer bee.
The killer bee is moderately wounded.
The killer bee stings you!
* * * LOW HITPOINT WARNING * * *
The killer bee stings you!
You die... .######### ......yh.# ##########

You could see a killer bee.

Vanquished Creatures
  4 ice beasts (D:4)
  3 black bears
  An ogre (D:6)
  5 scorpions
  6 killer bees
  2 bombardier beetles (D:5)
  A jelly (D:4)
  2 hounds
  3 orc priests (D:5)
  4 iguanas
  5 scorpion zombies (Ossuary)
  3 mummies (Ossuary)
  4 gnolls (D:3)
  5 adders
  A shadow imp (D:5)
  A white imp (D:7)
  2 ufetubi (D:5)
  3 adder zombies (Ossuary)
  2 dart slugs
  A ribbon worm (D:4)
  11 orcs
  2 ball pythons (D:3)
  5 bats
  10 endoplasms
  7 giant cockroaches
  9 goblins
  6 hobgoblins
  2 jackals (D:1)
  3 quokkas
  A frilled lizard (D:2)
  3 gnoll zombies (Ossuary)
  3 jackal zombies (Ossuary)
  8 kobolds
  3 kobold zombies (Ossuary)
  4 rats
135 creatures vanquished.

Vanquished Creatures (others)
  A human (D:6)
1 creature vanquished.

Grand Total: 136 creatures vanquished

Notes
Turn   | Place    | Note
-------+----------+-------------------------------------------
     0 | D:1      | monsoonserge the Gnoll Shapeshifter began the quest for the
                  | Orb.
     0 | D:1      | Reached XP level 1. HP: 17/17 MP: 1/1
    42 | D:1      | Reached XP level 2. HP: 23/23 MP: 2/2
   219 | D:1      | Reached XP level 3. HP: 28/28 MP: 3/3
   700 | D:2      | Reached skill level 1 in Invocations
  1054 | D:2      | Reached skill level 1 in Short Blades
  1054 | D:2      | Reached skill level 1 in Long Blades
  1054 | D:2      | Reached skill level 1 in Axes
  1054 | D:2      | Reached skill level 1 in Maces & Flails
  1054 | D:2      | Reached skill level 1 in Polearms
  1054 | D:2      | Reached skill level 1 in Staves
  1054 | D:2      | Reached skill level 1 in Ranged Weapons
  1054 | D:2      | Reached skill level 1 in Throwing
  1054 | D:2      | Reached skill level 1 in Armour
  1054 | D:2      | Reached skill level 1 in Stealth
  1054 | D:2      | Reached skill level 1 in Shields
  1054 | D:2      | Reached skill level 1 in Spellcasting
  1054 | D:2      | Reached skill level 1 in Evocations
  1333 | D:3      | Reached XP level 4. HP: 33/34 MP: 5/5
  1348 | D:3      | Reached skill level 1 in Conjurations
  1348 | D:3      | Reached skill level 1 in Hexes
  1348 | D:3      | Reached skill level 1 in Summonings
  1348 | D:3      | Reached skill level 1 in Necromancy
  1348 | D:3      | Reached skill level 1 in Translocations
  1348 | D:3      | Reached skill level 1 in Fire Magic
  1348 | D:3      | Reached skill level 1 in Ice Magic
  1348 | D:3      | Reached skill level 1 in Air Magic
  1348 | D:3      | Reached skill level 1 in Earth Magic
  1348 | D:3      | Reached skill level 1 in Alchemy
  2169 | D:4      | Found Emnenyag's Assorted Antiques.
  2172 | D:4      | Bought a fizzy amethyst potion for 22 gold pieces
  2172 | D:4      | Bought a green potion for 22 gold pieces
  2172 | D:4      | Bought a fizzy amethyst potion for 22 gold pieces
  2172 | D:4      | Bought a scroll labelled UCIUTW KYFUAKLE for 25 gold pieces
  2182 | D:4      | Found a transporter.
  2196 | D:4      | Found Hiusu's Magic Scroll Emporium.
  2338 | D:4      | Noticed a black bear
  2344 | D:4      | Killed a black bear
  2345 | D:4      | Reached XP level 5. HP: 35/41 MP: 5/7
  2361 | D:4      | Found a sand-covered staircase.
  2372 | Ossuary  | Entered an ossuary
  2380 | Ossuary  | Reached XP level 6. HP: 46/47 MP: 8/8
  2405 | Ossuary  | Reached skill level 5 in Dodging
  2516 | Ossuary  | Reached XP level 7. HP: 47/52 MP: 10/10
  2667 | D:4      | Found Cighoel's Weapon Shop.
  2722 | D:4      | Found a transporter.
  3333 | D:4      | Bought a scroll of blinking for 75 gold pieces
  3333 | D:4      | Bought a scroll of teleportation for 30 gold pieces
  3347 | D:5      | Entered Level 5 of the Dungeon
  3555 | D:5      | Reached XP level 8. HP: 60/60 MP: 12/12
  4438 | D:6      | Found a staircase to the Ecumenical Temple.
  4447 | Temple   | Entered the Ecumenical Temple
  4612 | D:6      | Found a snail-covered altar of Cheibriados.
  4630 | D:6      | Became a worshipper of Cheibriados the Contemplative
  4741 | D:6      | Reached XP level 9. HP: 66/67 MP: 13/15
  4801 | D:6      | Found Unuon's Weapon Shoppe.
  4803 | D:6      | Found an ancient bone altar of Kikubaaqudgha.
  5150 | D:7      | HP: 3/100 [killer bee (6)]
  5155 | D:7      | HP: 3/100 [killer bee (5)]
  5397 | D:8      | Reached skill level 5 in Fighting
  5400 | D:8      | Slain by a killer bee

Illustrated notes

Levels and vault maps discovered:
D:1:      amcnicky_arrival_choice, layout_loops_ring, amethyst_killhole
D:2:      layout_loops_ring
D:3:      layout_basic, minivault_11
D:4:      gammafunk_cloud_chamber, layout_basic, serial_shops, shop,
          nicolae_shop_real_fake_doors, shop,
          mainiacjoe_ossuary_entry_dusty_tomb, st_stairs_11, grunt_ministairs_5,
          minmay_misc_feat_alley
D:5:      layout_cave_pools, serial_park, serial_park_square2,
          serial_park_square1 [serial_park_minivault_5x5_5],
          serial_park_square2, serial_park_tiny_1, serial_park_square3
          [serial_park_minivault_5x5_5]
D:6:      layout_loops_cross, kennysheep_slug_shrine, tgw_kikubaaqudgha,
          minmay_temple_entry_ruins, serial_shops, nicolae_diamond_shop
D:7:      layout_layer_cave, nicolae_figureground_pulse
D:8:      layout_basic, minitemple, david_lair_shrubbed, uniq_joseph,
          uniq_gastronok
Temple:   dpeg_chambers_temple

Skill      XL: |  1  2  3  4  5  6  7  8  9 |
---------------+----------------------------+-----
Invocations    | 1 2 3 4 |  4.6
Short Blades   | 1 2 3 4 |  4.1
Long Blades    | 1 2 3 4 |  4.1
Axes           | 1 2 3 4 |  4.1
Maces & Flails | 1 2 3 4 |  4.1
Polearms       | 1 2 3 4 |  4.1
Staves         | 1 2 3 4 |  4.1
Ranged Weapons | 1 2 3 4 |  4.1
Throwing       | 1 2 3 4 |  4.1
Armour         | 1 2 3 4 |  4.1
Stealth        | 1 2 3 4 |  4.1
Shields        | 1 2 3 4 |  4.1
Spellcasting   | 1 2 3 4 |  4.1
Evocations     | 1 2 3 4 |  4.1
Conjurations   | 1 2 3 |  3.4
Hexes          | 1 2 3 |  3.4
Summonings     | 1 2 3 |  3.4
Necromancy     | 1 2 3 |  3.4
Translocations | 1 2 3 |  3.4
Fire Magic     | 1 2 3 |  3.4
Ice Magic      | 1 2 3 |  3.4
Air Magic      | 1 2 3 |  3.4
Earth Magic    | 1 2 3 |  3.4
Alchemy        | 1 2 3 |  3.4
Fighting       | 3 4 5 |  5.0
Dodging        | 5 6 |  6.2
Unarmed Combat | 7 |  7.8
Shapeshifting  | 7 |  7.6

Action                     |  1- 3 |  4- 6 |  7- 9 || total
---------------------------+-------+-------+-------++-------
  Melee: Unarmed           |    70 |    19 |       ||    89
         Bite              |     5 |    11 |    12 ||    28
         Falchion          |       |    68 |   138 ||   206
  Throw: Dart              |       |       |     3 ||     3
    Use: Potion            |       |       |     6 ||     6
   Stab: Sleeping          |     1 |       |       ||     1
 Armour: Animal skin       |    10 |       |       ||    10
         Scale mail        |    16 |    60 |    45 ||   121
         Ring mail         |       |       |    73 ||    73
         Skin              |       |       |    58 ||    58
  Dodge: Dodged            |    38 |    47 |   137 ||   222
